[Event "58th BRA-chW 2019"]
[Site "Rio de Janeiro"]
[Date "2019.02.21"]
[Round "3.2"]
[White "Librelato, Kathie Goulart"]
[Black "Alboredo, Julia"]
[Result "1-0"]
[ECO "D77"]
[WhiteElo "2172"]
[BlackElo "2212"]
[Annotator "NA"]
[PlyCount "185"]
[EventDate "2019.02.16"]
[EventType "k.o."]
[EventCountry "BRA"]
[SourceTitle "playchess.com"]
[Source "ChessBase"]
[SourceQuality "1"]
[TimeControl "5400+30"]

1. Nf3 Nf6 2. g3 g6 3. Bg2 Bg7 4. O-O d5 5. d4 O-O 6. c4 dxc4 7. Na3 c3 8. bxc3 c5 9. Ne5 Qa5 10. Qb3 Nbd7 11. Nec4 Qd8 12. Rd1 cxd4 13. cxd4 Nb6 14. e4 Bg4 15. f3 Bd7 16. Nb2 Qe8 17. Be3 Ba4 18. Nxa4 Qxa4 19. Qxa4 Nxa4 20. Rac1 Rac8 21. d5 Nc3 22. Rd2 Nd7 23. Rdc2 Nb6 24. f4 Nca4 25. Bh3 Rxc2 26. Rxc2 f5 27. Rc7 Rd8 28. Rxb7 fxe4 29. Rxa7 Kf8 30. Be6 Bb2 31. Nc2 Rd6 32. Nb4 Nc4 33. Ra8+ Kg7 34. Ba7 e3 35. Rg8+ Kh6 36. g4 Bc3 37. Nc2 e2 38. Bf2 Bf6 39. g5+ Bxg5 40. fxg5+ Kxg5 41. Nd4 Nd2 42. Nxe2 Nf3+ 43. Kg2 Nh4+ 44. Bxh4+ Kxh4 45. Re8 Nb6 46. Nc3 Nc4 47. Rxe7 h5 48. Rc7 Ne5 49. Ra7 Rb6 50. Ra4+ Kg5 51. Ne4+ Kf4 52. d6 Rb2+ 53. Nf2+ Kg5 54. d7 Rd2 55. Ra5 Kf6 56. Rd5 Rxd5 57. Bxd5 Nxd7 58. Nd3 Nb6 59. Bb3 Kf5 60. Kf3 g5 61. Nc5 g4+ 62. Kg3 Kg5 63. Ne6+ Kf5 64. Kh4 Ke4 65. Kg3 Kf5 66. Nc5 Kg5 67. Ne4+ Kf5 68. Nd6+ Kg5 69. Nf7+ Kg6 70. Nd8 Kg5 71. a4 h4+ 72. Kg2 Nd7 73. a5 Kf4 74. Ne6+ Ke5 75. a6 Kd6 76. Nd4 Kc7 77. Nf5 Ne5 78. Bd5 Kb6 79. Bb7 Ng6 80. Kg1 g3 81. Nxg3 hxg3 82. hxg3 Ne5 83. Kf2 Nd3+ 84. Ke3 Nc5 85. g4 Kc7 86. Kd4 Nd7 87. g5 Kd6 88. a7 Nb6 89. a8=Q Nxa8 90. Bxa8 Ke6 91. Ke4 Kf7 92. Kf5 Kg7 93. Bd5 1-0